 Dungeon Crawl Stone Soup version 0.23.0 (webtiles) character file.

Game seed: 15695957557357909674

26 Monsterracer the Skirmisher (level 3, 0/24 HPs)
             Began as a Gargoyle Abyssal Knight on Feb 9, 2019.
             Was a Follower of Lugonu.
             Slain by Jessica (2 damage)
             ... on level 2 of the Dungeon.
             The game lasted 00:01:33 (1095 turns).

Monsterracer the Skirmisher (GrAK)                  Turns: 1095, Time: 00:01:33

Health: 0/24       AC:  6    Str: 16    XL:     3   Next: 8%
Magic:  4/4        EV: 11    Int: 12    God:    Lugonu [*.....]
Gold:   22         SH:  0    Dex:  9    Spells: 2/2 levels left

rFire    . . .     SeeInvis .   a - +1 mace
rCold    . . .     Gourm    .   (no shield)
rNeg     + . .     Faith    .   b - +0 leather armour
rPois    ∞         Spirit   .   (no helmet)
rElec    +         Reflect  .   (no cloak)
rCorr    .         Harm     .   (no gloves)
MR       .....                  (no boots)
Stlth    +.........             (no amulet)
HPRegen  0.08/turn              (no ring)
MPRegen  0.09/turn              (no ring)

@: slowed, very slow
A: negative energy resistance 1, electricity resistance, unbreathing,
petrification resistance, rot immunity, AC +3
a: Depart the Abyss, Renounce Religion


You were on level 2 of the Dungeon.
You worshipped Lugonu.
Lugonu was aware of your devotion.
You were hungry.

You visited 1 branch of the dungeon, and saw 2 of its levels.
You visited the Abyss 1 time.

You collected 22 gold pieces.

Inventory:

Hand Weapons
 a - a +1 mace (weapon)
Armour
 b - a +0 leather armour (worn)
Jewellery
 j - a cursed amulet of inaccuracy {unknown}
Scrolls
 d - a scroll of fear {unknown}
 e - 2 scrolls of teleportation {unknown}
 f - a scroll of enchant armour {unknown}
 h - 2 scrolls of remove curse {unknown}
Potions
 g - a potion of flight {unknown}
 i - a potion of berserk rage {unknown}
Comestibles
 c - 5 rations


   Skills:
 + Level 3.7 Fighting
 * Level 3.1 Maces & Flails
 - Level 2.1 Armour
 - Level 0.7 Dodging
 - Level 2.0 Invocations


You had 2 spell levels left.
You didn't know any spells.
Your spell library was empty.

Dungeon Overview and Level Annotations

Branches:
Dungeon (2/15)

Altars:

Annotations:
D:2 Jessica


Innate Abilities, Weirdness & Mutations

You are resistant to torment.
Your stone body is resilient. (AC +3)
You are immune to poison.
You resist negative energy. (rN+)
You are resistant to electric shocks. (rElec)
You can survive without breathing.
You are immune to petrification.
You are immune to rotting.


Message History

Jessica looks very angry.
Jessica closely misses you. The jackal barely misses you. x2
You closely miss the jackal.
The jackal bites you but does no damage.
Jessica hits you but does no damage. The jackal barely misses you.
The jackal closely misses you. Jessica casts a spell at you.
Pain shoots through your body!
You take 4 damage, and have 15/24 hp.
You hit the jackal.
The jackal is severely wounded.
The jackal bites you but does no damage.
The jackal closely misses you. The jackal barely misses you.
Jessica barely misses you. The jackal barely misses you.
You thump the jackal!
You kill the jackal!
Lugonu accepts your kill. The jackal barely misses you.
Jessica completely misses you.
The jackal bites you but does no damage.
You barely miss the jackal. The jackal misses you. Jessica barely misses you.
The jackal bites you but does no damage.
You barely miss the jackal. Jessica closely misses you. The jackal bites you.
Jessica closely misses you.
You take 2 damage, and have 13/24 hp.
You closely miss the jackal. The jackal barely misses you. x2
Jessica hits you but does no damage.
You closely miss the jackal. The jackal barely misses you.
The jackal bites you but does no damage.
Jessica barely misses you.
You sock the jackal!
You kill the jackal!
Lugonu accepts your kill. Jessica misses you.
You hit Jessica.
Jessica is lightly wounded.
Jessica casts a spell.
Jessica blinks!
There is a stone staircase leading up here.
Jessica mumbles some strange words.
Jessica seems to speed up.
You see here a jackal corpse.
Jessica mumbles some strange words.
Jessica blinks!
You are feeling hungry.
Jessica gestures at you while chanting.
You barely resist.
Jessica gestures wildly while chanting.
Jessica blinks!
Jessica hits you.
You take 1 damage, and have 14/24 hp.
Jessica barely misses you.
Jessica gestures wildly while chanting.
Jessica blinks!
Jessica hits you but does no damage. Jessica misses you. Jessica hits you. x2
* * * LOW HITPOINT WARNING * * *
You take 4 damage, and have 10/24 hp.
Jessica completely misses you.
Unknown command.
Unknown command.
Jessica casts a spell at you.
You are unaffected.
Jessica casts a spell.
Jessica blinks!
Unknown command.
Jessica points at you and mumbles some strange words.
You barely resist.
Unknown command.
Jessica misses you.
Unknown command.
Jessica closely misses you. Jessica hits you but does no damage.
Jessica barely misses you. Jessica gestures at you while chanting.
You resist with some effort. Jessica hits you but does no damage.
Jessica casts a spell at you. Pain shoots through your body!
* * * LOW HITPOINT WARNING * * *
You take 7 damage, and have 3/24 hp.
MASSIVE DAMAGE!!
Jessica hits you.
* * * LOW HITPOINT WARNING * * *
You take 2 damage, and have 1/24 hp.
Jessica casts a spell.
Jessica blinks!
Jessica gestures wildly.
Unknown command.
Jessica is no longer moving quickly.
Unknown command.
Unknown command.
Jessica points at you and mumbles some strange words.
You feel yourself slow down.
Unknown command.
Unknown command.
Jessica mumbles some strange words.
Jessica seems to speed up.
Jessica mumbles something strange.
Jessica misses you. Jessica hits you.
You die...

... #..####..#.
.... #........#.
....#
##.#####.##.
.#...####+####..#
#.##. .......
...#...## ####.
.......##.##.###
. #..#'#..#
#..###.....##
......†.@@..#
.#.>#####.#.# ..
#...+ ....#
.....# ......#
.......#
........+


You could see Jessica.

Vanquished Creatures
  A worm (D:2)
  A dart slug (D:1)
  2 giant cockroaches (D:1)
  2 hobgoblins (D:1)
  4 jackals
  A ball python (D:2)
  2 frilled lizards
  3 kobolds (D:1)
  6 rats
22 creatures vanquished.

Vanquished Creatures (others)
  A bat (D:1)
1 creature vanquished.

Grand Total: 23 creatures vanquished

Notes
Turn   | Place    | Note
-------+----------+-------------------------------------------
     0 | Abyss:1  | Monsterracer the Gargoyle Abyssal Knight began the quest
                  | for the Orb.
     0 | Abyss:1  | Reached XP level 1. HP: 14/14 MP: 2/2
     3 | Abyss:1  | Found an iron altar of Okawaru.
     8 | D:1      | Escaped the Abyss
    11 | D:1      | Noticed a halfling
    11 | D:1      | Noticed a minotaur
    13 | D:1      | Noticed a ghoul
    13 | D:1      | Noticed a vine stalker
    15 | D:1      | Noticed an octopode
    17 | D:1      | Noticed a centaur
    17 | D:1      | Noticed a troll
    19 | D:1      | Noticed a demonspawn
    21 | D:1      | Noticed a tengu
    23 | D:1      | Noticed a felid
    23 | D:1      | Noticed a naga
    25 | D:1      | Noticed a spriggan
    25 | D:1      | Noticed a dwarf
    27 | D:1      | Noticed a demigod
    27 | D:1      | Noticed a merfolk
    29 | D:1      | Noticed an ogre
    29 | D:1      | Noticed a draconian
    32 | D:1      | Noticed an elf
    32 | D:1      | Noticed a human
    34 | D:1      | Noticed a gargoyle
    34 | D:1      | Noticed a formicid
    36 | D:1      | Noticed a vampire
    88 | D:1      | HP: 7/14 [dart slug (1)]
   283 | D:1      | Reached XP level 2. HP: 18/19 MP: 3/3
   755 | D:2      | HP: 9/19 [worm (8)]
  1033 | D:2      | Noticed Jessica
  1043 | D:1      | Reached XP level 3. HP: 23/24 MP: 4/4
  1077 | D:2      | HP: 10/24 [Jessica (4)]
  1085 | D:2      | HP: 3/24 [Jessica/nerve-wracking pain (7)]
  1086 | D:2      | HP: 1/24 [Jessica (2)]
  1095 | D:2      | Slain by Jessica

Skill      XL: |  1  2 |
---------------+-------+-----
Maces & Flails | 3 |  3.1
Fighting       | |  3.7
Armour         | |  2.1
Dodging        | |  0.7
Invocations    | |  2.0

Action                   || total
-------------------------++-------
Melee: Mace              ||    55
Armor: Leather armour    ||    35
Dodge: Dodged            ||    58

Levels and vault maps discovered:
D:1:      kb_arrival_jail, layout_rooms, lemuel_old_faithful
D:2:      cheibrodos_greedy_goblins, layout_basic, minitemple, zin_purify,
          kennysheep_slug_shrine, gammafunk_temple_overflow_arena, uniq_robin,
          uniq_sigmund, uniq_jessica
Abyss:1
